 Dungeon Crawl Stone Soup version 0.21.0-37-g46506fa (webtiles) character file.

79 tidbits the Insei (level 4, 0/34 HPs)
             Began as a Gnoll Transmuter on Feb 1, 2018.
             Slain by an orc
             ... wielding a +0 flail
              (4 damage)
             ... on level 6 of the Dungeon.
             The game lasted 00:07:18 (664 turns).

tidbits the Insei (Gnoll Transmuter)                 Turns: 664, Time: 00:07:19

Health: 0/34       AC:  2    Str: 12    XL:     4   Next: 37%
Magic:  1/11       EV: 24    Int: 16    God:
Gold:   95         SH:  0    Dex: 21    Spells: 7/13 levels left

rFire    + . .     SeeInvis .     - Unarmed
rCold    . . .     Gourm    .   (shield currently unavailable)
rNeg     . . .     Faith    .   (armour currently unavailable)
rPois    x         Spirit   .   (helmet currently unavailable)
rElec    .         Reflect  .   (cloak currently unavailable)
rCorr    .         Harm     .   (gloves currently unavailable)
MR       .....                  (boots currently unavailable)
Stlth    ++........             (no amulet)
HPRegen  0.11/turn              i - ring of protection from fire
MPRegen  0.12/turn              (no ring)

@: spider-form (expiring), very slightly contaminated
A: tiny, distributed training, strong nose
a: End Transformation


You were on level 6 of the Dungeon.
You were not hungry.
You were a venomous arachnid creature.
You visited 1 branch of the dungeon, and saw 6 of its levels.

You collected 95 gold pieces.

Inventory:

Hand Weapons
 a - a +3 dagger of venom (melded)
   (You found it on level 2 of the Dungeon)
 e - a +0 flail
Missiles
 k - 5 arrows
 n - 23 stones (quivered)
Armour
 b - a +0 robe (melded)
 g - a +1 shield
Jewellery
 i - a ring of protection from fire (left front leg)
   (You found it on level 2 of the Dungeon)
Books
 c - a book of Changes

   Spells                             Type                      Level
   a - Beastly Appendage              Transmutation                1
   b - Sticks to Snakes               Transmutation                2
   c - Spider Form                    Transmutation/Poison         3
   d - Ice Form                       Ice/Transmutation            4
   e - Blade Hands                    Transmutation                5
 l - a book of Conjurations
   (You found it on level 2 of the Dungeon)

   Spells                             Type                      Level
   a - Magic Dart                     Conjuration                  1
   b - Searing Ray                    Conjuration                  2
   c - Dazzling Spray                 Conjuration/Hexes            3
   d - Fulminant Prism                Conjuration/Hexes            4
   e - Force Lance                    Conjuration/Translocation    4
   f - Iskenderun's Mystic Blast      Conjuration                  4
Comestibles
 d - 4 rations


   Skills:
 + Level 2.7 Fighting
 + Level 1.1 Short Blades
 + Level 1.1 Long Blades
 + Level 1.1 Axes
 + Level 1.1 Maces & Flails
 + Level 1.1 Polearms
 + Level 1.1 Staves
 + Level 1.1 Slings
 + Level 1.1 Bows
 + Level 1.1 Crossbows
 + Level 1.1 Throwing
 + Level 1.1 Armour
 + Level 4.6 Dodging
 + Level 1.1 Stealth
 + Level 1.1 Shields
 + Level 6.6 Unarmed Combat
 + Level 5.0 Spellcasting
 + Level 0.8 Conjurations
 + Level 0.8 Hexes
 + Level 0.8 Charms
 + Level 0.8 Summonings
 + Level 0.8 Necromancy
 + Level 0.8 Translocations
 + Level 3.8 Transmutations
 + Level 0.8 Fire Magic
 + Level 0.8 Ice Magic
 + Level 0.8 Air Magic
 + Level 0.8 Earth Magic
 + Level 0.8 Poison Magic
 + Level 1.2 Invocations
 + Level 1.1 Evocations


You had 7 spell levels left.
You knew the following spells:

 Your Spells              Type           Power        Failure   Level  Hunger
e - Beastly Appendage     Tmut           ###...       11%         1    None
k - Sticks to Snakes      Tmut           ###.....     14%         2    #......
p - Spider Form           Tmut/Pois      ##........   36%         3    ###....


Dungeon Overview and Level Annotations

Branches:
Dungeon (6/15)
 Temple: D:4-7

Altars:
Dithmenos
Makhleb

Annotations:
D:4 Sigmund; tidbits's ghost, weakling GnNe


Innate Abilities, Weirdness & Mutations

Your experience applies equally to all skills.
((You have very sharp teeth.))
Your uncanny sense of smell can sniff out nearby items.


Message History

The centaur shoots an arrow.
The arrow hits you!
* * * LOW HITPOINT WARNING * * *
You see here an arrow.
Your transformation has ended.
Your +3 dagger of venom unmelds from your body.
Your +0 robe unmelds from your body.
Your +3 dagger of venom begins to drip with poison!
The centaur zombie barely misses you.
There is a stone staircase leading down here.
The centaur zombie closely misses you.
You climb downwards.
A hound skeleton comes into view.
Found 18 gold pieces.
Found a stone staircase leading down.
There is a stone staircase leading up here.
You hear a distant blaring wail to the west.
You hear a croak.
You hear a shout! x3
You aren't carrying any potions.
Unknown command.
Okay, then.
You see here 18 gold pieces.
You now have 95 gold pieces (gained 18).
Casting: Spider Form
Confirm with . or Enter, or press ? or * to list all spells.
You turn into a venomous arachnid creature.
Your +3 dagger of venom melds into your body.
Your +0 robe melds into your body.
Your +3 dagger of venom stops dripping with poison.
You hit the hound skeleton.
The hound skeleton is moderately damaged.
The hound skeleton closely misses you.
You hit the hound skeleton but do no damage.
The hound skeleton is moderately damaged.
The hound skeleton completely misses you.
You bite the hound skeleton!
The hound skeleton is almost destroyed.
The hound skeleton completely misses you.
You hit the hound skeleton.
You destroy the hound skeleton!
An adder zombie comes into view.
Casting: Spider Form
Confirm with . or Enter, or press ? or * to list all spells.
You miscast Sticks to Snakes.
You are very lightly contaminated with residual magic.
Strange energies run through your body.
Casting: Sticks to Snakes
Confirm with . or Enter, or press ? or * to list all spells.
You create a snake!
You now have 8 arrows.
Casting: Sticks to Snakes
Confirm with . or Enter, or press ? or * to list all spells.
You create a snake!
You now have 7 arrows.
An orc comes into view. It is wielding a flail.
Your ball python closely misses the adder zombie. x2
Unknown command.
Your transformation is almost over.
Your ball python bites the adder zombie.
Your ball python barely misses the adder zombie.
The adder zombie closely misses you.
You bite the adder zombie!
The adder zombie is almost destroyed.
Your adder bites the adder zombie.
The adder zombie is destroyed!
Your adder bites the orc but does no damage.
Your ball python bites the orc.
Your ball python grabs the orc.
Your ball python constricts the orc.
The orc struggles to escape constriction.
Your adder bites the orc but does no damage.
Your ball python bites the orc but does no damage.
Your ball python constricts the orc.
Unknown command.
Casting: Sticks to Snakes
Confirm with . or Enter, or press ? or * to list all spells.
You create 2 snakes!
You now have 5 arrows.
The orc struggles to escape constriction.
Your adder bites the orc but does no damage.
Your ball python bites the orc but does no damage.
Your ball python constricts the orc.
Unknown command.
The orc struggles to escape constriction.
Your adder bites the orc but does no damage.
Your ball python bites the orc but does no damage.
Your ball python constricts the orc.
Your adder bites the orc but does no damage.
The orc escapes!
Your adder bites the orc.
Your ball python closely misses the orc.
Your ball python barely misses the orc.
Your ball python bites the orc but does no damage.
Your ball python grabs the orc.
Your ball python constricts the orc.
Your adder bites the orc but does no damage.
You completely miss the orc.
The orc is heavily wounded.
Your adder bites the orc but does no damage.
The orc barely misses you.
Your ball python bites the orc but does no damage. x2
Your ball python constricts the orc.
Your adder bites the orc.
You hit the orc but do no damage.
The orc is poisoned.
The orc is heavily wounded.
Your adder bites the orc but does no damage.
Your ball python bites the orc but does no damage. x2
Your ball python constricts the orc.
The orc hits you with a flail.
You die...

#+#
########.##
∆
#......>..#∆
#...<.SS..#
∆
+......os.+
#.....S.S.#
###.##.####
#. #+# ..
..Z ##.


You could see an orc, 2 friendly adders and 2 friendly ball pythons.

Vanquished Creatures
  A hound skeleton (D:6)
  2 adders (D:2)
  A leopard gecko (D:2)
  5 bats
  2 giant cockroaches
  A hobgoblin (D:3)
  A jackal (D:2)
  A quokka (D:3)
  A frilled lizard (D:3)
  4 goblins
  2 kobolds (D:2)
  A rat (D:2)
22 creatures vanquished.

Vanquished Creatures (collateral kills)
  A worker ant (D:4)
  An adder zombie (D:6)
2 creatures vanquished.

Grand Total: 24 creatures vanquished

Notes
Turn   | Place    | Note
-------+----------+-------------------------------------------
     0 | D:1      | tidbits the Gnoll Transmuter began the quest for the Orb.
     0 | D:1      | Reached XP level 1. HP: 17/17 MP: 6/6
   164 | D:2      | Reached XP level 2. HP: 23/23 MP: 7/7
   170 | D:2      | Learned a level 2 spell: Sticks to Snakes
   343 | D:2      | Reached skill level 5 in Spellcasting
   343 | D:2      | Reached XP level 3. HP: 18/28 MP: 7/9
   348 | D:2      | Learned a level 3 spell: Spider Form
   579 | D:4      | Reached skill level 1 in Short Blades
   579 | D:4      | Reached skill level 1 in Long Blades
   579 | D:4      | Reached skill level 1 in Axes
   579 | D:4      | Reached skill level 1 in Maces & Flails
   579 | D:4      | Reached skill level 1 in Polearms
   579 | D:4      | Reached skill level 1 in Staves
   579 | D:4      | Reached skill level 1 in Slings
   579 | D:4      | Reached skill level 1 in Bows
   579 | D:4      | Reached skill level 1 in Crossbows
   579 | D:4      | Reached skill level 1 in Throwing
   579 | D:4      | Reached skill level 1 in Armour
   579 | D:4      | Reached skill level 1 in Stealth
   579 | D:4      | Reached skill level 1 in Shields
   579 | D:4      | Reached skill level 1 in Invocations
   579 | D:4      | Reached skill level 1 in Evocations
   579 | D:4      | Reached XP level 4. HP: 26/34 MP: 4/11
   587 | D:4      | Noticed Sigmund
   587 | D:4      | Noticed tidbits's ghost (weakling GnNe)
   611 | D:5      | Entered Level 5 of the Dungeon
   611 | D:5      | Found a burning altar of Makhleb.
   611 | D:5      | Noticed an ogre
   611 | D:5      | Noticed a centaur
   615 | D:5      | Found a shadowy altar of Dithmenos.
   637 | D:5      | HP: 1/34 [centaur/arrow (8)]
   664 | D:6      | Slain by an orc

Skill      XL: |  1  2  3 |
---------------+----------+-----
Spellcasting   | 5 |  5.0
Short Blades   | 1 |  1.1
Long Blades    | 1 |  1.1
Axes           | 1 |  1.1
Maces & Flails | 1 |  1.1
Polearms       | 1 |  1.1
Staves         | 1 |  1.1
Slings         | 1 |  1.1
Bows           | 1 |  1.1
Crossbows      | 1 |  1.1
Throwing       | 1 |  1.1
Armour         | 1 |  1.1
Stealth        | 1 |  1.1
Shields        | 1 |  1.1
Invocations    | 1 |  1.2
Evocations     | 1 |  1.1
Fighting       | |  2.7
Dodging        | |  4.6
Unarmed Combat | |  6.6
Conjurations   | |  0.8
Hexes          | |  0.8
Charms         | |  0.8
Summonings     | |  0.8
Necromancy     | |  0.8
Translocations | |  0.8
Transmutations | |  3.8
Fire Magic     | |  0.8
Ice Magic      | |  0.8
Air Magic      | |  0.8
Earth Magic    | |  0.8
Poison Magic   | |  0.8

Action                   |  1- 3 |  4- 6 || total
-------------------------+-------+-------++-------
Melee: Unarmed           |    23 |     8 ||    31
       Headbutt          |     1 |       ||     1
       Punch             |     1 |       ||     1
       Dagger            |    33 |     1 ||    34
       Bite              |     5 |       ||     5
       Kick              |     4 |       ||     4
 Cast: Beastly Appendage |     7 |       ||     7
       Sticks to Snakes  |     3 |     3 ||     6
       Spider Form       |     1 |     3 ||     4
  Use: Scroll            |     1 |     3 ||     4
       Potion            |       |     2 ||     2
 Stab: Sleeping          |     1 |       ||     1
Armor: Robe              |     8 |     1 ||     9
Dodge: Dodged            |    38 |    22 ||    60

Table legend:
 A = Turns spent in this place as a percentage of turns spent in the entire game.
 B = Non-inter-level travel turns spent in this place as a percentage of non-inter-level travel turns spent in the entire game.
 C = Inter-level travel turns spent in this place as a percentage of turns spent in this place.
 D = Turns resting spent in this place as a percentage of non-inter-level travel turns spent in this place.
 E = Turns spent auto-exploring this place as a percentage of non-inter-level travel turns spent in this place.
 F = Non-inter-level travel turns spent in this place divided by the number of levels of this place that you've seen.
                   A       B       C       D       E      F
               +-------+-------+-------+-------+-------+----------------------
         Total | 100.0 | 100.0 |   0.0 |   0.0 |   0.0 | 110.7
       Dungeon | 100.0 | 100.0 |   0.0 |   0.0 |   0.0 | 110.7
               +-------+-------+-------+-------+-------+----------------------

Table legend:
 A = Kills in this place as a percentage of kills in entire the game.
 B = Kills by you in this place as a percentage of kills by you in the entire game.
 C = Kills by friends in this place as a percentage of kills by friends in the entire game.
 D = Other kills in this place as a percentage of other kills in the entire game.
 E = Experience gained in this place as a percentage of experience gained in the entire game.
 F = Experience gained in this place divided by the number of levels of this place that you have seen.
                   A       B       C       D       E      F
               +-------+-------+-------+-------+-------+----------------------
         Total | 100.0 | 100.0 | 100.0 |   N/A | 100.0 |  18.8
       Dungeon | 100.0 | 100.0 | 100.0 |   N/A | 100.0 |  18.8
               +-------+-------+-------+-------+-------+----------------------

Vault maps used:
D:1:      sevenhm_arrival_forest_fort_large_4
D:3:      first_ration, yredelemnul_altar_generic
D:4:      temple_doors_e, serial_shops, shop, uniq_sigmund, uniq_natasha,
          uniq_edmund
D:5:      lemuel_castle_with_subvaults, lemuel_round_altar, basic_altar
D:6:      hangedman_decor_slide_cut, nicolae_qazlal_general_emergency,
          uniq_duvessa, uniq_grinder
